 Dungeon Crawl Stone Soup version 0.29-a0-885-gb26ba3297d (webtiles) character file.

Game seed: 4467534095024597242

39 dolemite99 the Chopper (level 3, -1/31 HPs)
             Began as a Minotaur Berserker on July 21, 2022.
             Was a Follower of Trog.
             Slain by a gnoll
             ... wielding a +0 whip
              (7 damage)
             ... on level 2 of the Dungeon.
             The game lasted 00:01:29 (1717 turns).

dolemite99 the Chopper (Minotaur Berserker)         Turns: 1717, Time: 00:01:30

Health: -1/31      AC:  2    Str: 23    XL:     3   Next: 28%
Magic:  2/2        EV: 12    Int:  4    God:    Trog [*.....]
Gold:   71         SH:  0    Dex:  9    Spells: 2/2 levels left

rFire   . . .      SeeInvis .   a - +0 hand axe
rCold   . . .      Faith    .   (no shield)
rNeg    . . .      Spirit   .   b - +0 animal skin
rPois   .          Reflect  .   (helmet restricted)
rElec   .          Harm     .   (no cloak)
rCorr   .          Rampage  .   (no gloves)
Will    .....                   (no boots)
Stlth   +.........              (no amulet)
HPRegen 0.10/turn               (no ring)
MPRegen 0.08/turn               (no ring)

@: on berserk cooldown, attractive, slowed, very slow
A: horns 2, retaliatory headbutt
a: Renounce Religion, Berserk


You were on level 2 of the Dungeon.
You worshipped Trog.
Trog was aware of your devotion.
You visited 1 branch of the dungeon, and saw 2 of its levels.

You collected 71 gold pieces.

Inventory:

Hand Weapons
 a - a +0 hand axe (weapon)
 g - a +0 battleaxe
Armour
 b - a +0 animal skin (worn)
Jewellery
 c - a ring of flight
Scrolls
 f - a scroll of enchant armour {unknown}


   Skills:
 - Level 3.6 Fighting
 + Level 5.3 Axes
 - Level 2.4 Armour
 - Level 2.1 Dodging


You had 2 spell levels left.
You didn't know any spells.
Your spell library was empty.

Dungeon Overview and Level Annotations

Branches:
Dungeon (2/15)

Altars:

Shops:
D:1 *

Annotations:
D:1 1 transporter


Innate Abilities, Weirdness & Mutations

You have a pair of horns on your head.
You reflexively headbutt those who attack you in melee.


Message History

You have reached level 3!
Your experience leads to an increase in your attributes!
Increase (S)trength, (I)ntelligence, or (D)exterity?
You feel stronger. x2
The gnoll hits you with a +0 spear!
You closely miss the gnoll. The gnoll hits you but does no damage.
You closely miss the gnoll. Your headbutt misses the gnoll.
You slash the gnoll! You headbutt the gnoll.
You kill the gnoll!
Trog accepts your kill.
Things that are here:
a +0 spear; a gnoll corpse You feel a strong urge to attack something.
You are no longer berserk.
You are exhausted.
You feel yourself slow down.
You start resting.
A gnoll comes into view. It is wielding a +0 whip.
A gnoll is nearby!
A gnoll is nearby!
A gnoll is nearby!
A gnoll is nearby!
You see here 7 gold pieces.
You now have 71 gold pieces (gained 7).
The gnoll hits you with a +0 whip!
* * * LOW HITPOINT WARNING * * *
The gnoll barely misses you.
It was a potion of attraction.
You feel attractive to monsters. The gnoll barely misses you.
It was a potion of heal wounds.
You feel much better. The gnoll hits you with a +0 whip! The gnoll misses you.
You hit the gnoll but do no damage. The gnoll hits you with a +0 whip.
You hit the gnoll but do no damage. The gnoll closely misses you.
You furiously retaliate!
You headbutt the gnoll. The gnoll hits you with a +0 whip!
* * * LOW HITPOINT WARNING * * *
You barely miss the gnoll.
The gnoll is lightly wounded.
The gnoll hits you with a +0 whip!
You die...

. .## ###.# ..#
).... #.# # ###.# #
#.# .#
###.#.#####.##.###.
#
.......)...........
##
########).g@.......
<##### ####.##.###.
.....# ##.##.#
.###.# #.....# ##
#.# ########..####
# #.# #....>....#
####.###.#######.#
#........# #.#
#.##.##>.# #..


You could see a gnoll.

Vanquished Creatures
  2 gnolls (D:2)
  2 endoplasms (D:1)
  A giant cockroach (D:1)
  2 goblins (D:1)
  A hobgoblin (D:2)
  4 jackals (D:1)
  A quokka (D:1)
  A ball python (D:1)
  2 bats (D:1)
  A frilled lizard (D:1)
  A kobold (D:1)
  2 rats (D:1)
20 creatures vanquished.

Notes
Turn   | Place    | Note
-------+----------+-------------------------------------------
     0 | D:1      | dolemite99 the Minotaur Berserker began the quest for the
                  | Orb.
     0 | D:1      | Reached XP level 1. HP: 19/19 MP: 0/0
   497 | D:1      | Reached skill level 4 in Axes
  1041 | D:1      | Found Odyxuf's General Store.
  1053 | D:1      | Reached XP level 2. HP: 21/26 MP: 1/1
  1096 | D:1      | Found a faded altar of an unknown god.
  1702 | D:2      | Reached skill level 5 in Axes
  1702 | D:2      | Reached XP level 3. HP: 22/31 MP: 2/2
  1717 | D:2      | Slain by a gnoll

Illustrated notes

Levels and vault maps discovered:
D:1:      spicycebolla_arrival_risky_transporter, layout_basic, serial_shops,
          nicolae_shop_stone, ebering_ecumenical_altar_sacrificial
D:2:      layout_loops_ring, uniq_robin, uniq_terence

Skill      XL: |  1  2 |
---------------+-------+-----
Axes           | 4 5 |  5.3
Fighting       | |  3.6
Armour         | |  2.4
Dodging        | |  2.1

Action                   || total
-------------------------++-------
Melee: Hand axe          ||    39
       Headbutt          ||     6
Invok: Berserk           ||     3
  Use: Potion            ||     2
Armor: Animal skin       ||     3
Dodge: Dodged            ||    31

Table legend: (Time is in decaauts)
 A = Elapsed time spent in this place.
 B = Non-inter-level travel time spent in this place.
 C = Inter-level travel time spent in this place.
 D = Time resting spent in this place.
 E = Time spent auto-exploring this place.
 F = Levels seen in this place.
 G = Mean time per level.
                   A        B        C        D        E       F      G
               +--------+--------+--------+--------+--------+-----+--------+
         Total |   1746 |   1727 |     19 |    840 |    668 |   2 |  873.0 |
       Dungeon |   1746 |   1727 |     19 |    840 |    668 |   2 |  873.0 |
               +--------+--------+--------+--------+--------+-----+--------+

Top non-repeatable levels by time:
     D:1: 1628 daAuts
     D:2: 117 daAuts
